 Dungeon Crawl Stone Soup version 0.28-a0-1234-g826d19b2e0 (webtiles) character file.

Game seed: 13516290954922167035

429 r3xj the Cudgeller (level 6, -7/56 HPs)
             Began as a Minotaur Fighter on Dec 23, 2021.
             Mangled by an ogre (17 damage)
             ... on level 3 of the Dungeon.
             The game lasted 00:13:48 (3070 turns).

r3xj the Cudgeller (Minotaur Fighter)               Turns: 3070, Time: 00:13:48

Health: -7/56      AC:  7    Str: 22    XL:     6   Next: 66%
Magic:  5/5        EV:  9    Int:  5    God:
Gold:   201        SH:  4    Dex: 10    Spells: 5/5 levels left

rFire   . . .      SeeInvis .   a - +0 flail
rCold   . . .      Faith    .   c - +0 buckler
rNeg    . . .      Spirit   .   b - +0 scale mail
rPois   .          Reflect  .   (helmet restricted)
rElec   .          Harm     .   (no cloak)
rCorr   .          Rampage  .   (no gloves)
Will    +....                   (no boots)
Stlth   ..........              j - amulet of the acrobat
HPRegen 0.18/turn               n - ring of willpower
MPRegen 0.09/turn               (no ring)

@: no status effects
A: horns 2, retaliatory headbutt
a: no special abilities


You were on level 3 of the Dungeon.
You visited 1 branch of the dungeon, and saw 4 of its levels.

You collected 201 gold pieces.

Inventory:

Hand Weapons
 a - a +0 flail (weapon)
Missiles
 o - 24 poisoned darts (quivered)
Armour
 b - a +0 scale mail (worn)
 c - a +0 buckler (worn)
Jewellery
 j - an amulet of the acrobat (around neck)
 n - a ring of willpower (left hand)
Scrolls
 g - a scroll of noise {unknown}
 h - a scroll of brand weapon {unknown}
 k - 2 scrolls of enchant armour {unknown}
 m - a scroll of teleportation {unknown}
Potions
 d - a potion of might
 e - a potion of ambrosia {unknown}
 f - 2 potions of curing {unknown}
 i - 4 potions of flight {unknown}
 l - a potion of magic {unknown}
 p - a potion of mutation {unknown}


   Skills:
 + Level 5.5 Fighting
 * Level 6.1 Maces & Flails
 + Level 5.5 Armour
 - Level 4.0 Shields


You had 5 spell levels left.
You didn't know any spells.
Your spell library contained the following spells:

 Spells                   Type           Power      Damage    Failure   Level
 Foxfire                  Conj/Fire      0%         2x1d4     78%         1
 Conjure Flame            Conj/Fire      0%         6-21      98%         3
 Inner Flame              Hex/Fire       0%         N/A       98%         3
 Portal Projectile        Hex/Tloc       0%         N/A       98%         3
 Tukima's Dance           Hex            0%         N/A       98%         3
 Flame Wave               Conj/Fire      0%         2d4       100%        4
 Passage of Golubria      Tloc           0%         N/A       100%        4
 Blade Hands              Tmut           0%         N/A       100%        5
 Excruciating Wounds      Necr           0%         N/A       100%        5
 Yara's Violent Unravell  Hex/Tmut       0%         3d3       100%        5


Dungeon Overview and Level Annotations

Branches:
Dungeon (4/15)
 Temple: D:4-7

Altars:


Innate Abilities, Weirdness & Mutations

You have a pair of horns on your head.
You reflexively headbutt those who attack you in melee.


Message History

You closely miss the ball python. Your headbutt misses the ball python.
The ball python closely misses you. You furiously retaliate!
You headbutt the ball python!
You kill the ball python!
An adder is nearby!
You block the adder's attack.
You see here a ball python corpse.
An adder is nearby!
You sock the adder!
You kill the adder!
An ogre comes into view. It is wielding a +0 giant club.
An ogre is nearby!
An ogre is nearby!
An ogre is nearby!
You sock the ogre!
You headbutt the ogre, but do no damage.
The ogre is moderately wounded.
The ogre hits you with a +0 giant club!
An ogre is nearby!
You barely miss the ogre.
The ogre is moderately wounded.
The ogre hits you with a +0 giant club!!
Found a stone staircase leading down.
You see here a hobgoblin skeleton.
Things that are here:
a +0 trident; a +0 trident; an orc skeleton
There is a stone staircase leading up here.
You block the ogre's attack.
You climb upwards.
There is a stone staircase leading down here.
You hit the ogre but do no damage. You headbutt the ogre!
The ogre is heavily wounded.
You barely miss the ogre.
The ogre is heavily wounded.
The ogre hits you with a +0 giant club!!
* * * LOW HITPOINT WARNING * * *
You thump the ogre!
The ogre is almost dead.
The ogre hits you with a +0 giant club!
You die...

..#...#
#.##.....#
..#...#
#.##.....#
..+...#
#.....##.#
..#####
#........#
..#
##.....#.#
###
#.......#
#....#..#
######O.#
#.@# ####


You could see an ogre.

Vanquished Creatures
  2 phantoms (D:4)
  The ghost of Adrian566 the Skirmisher, a weakling OpFi (D:3)
  2 iguanas
  A hound skeleton (D:4)
  4 gnolls (D:2)
  4 adders
  An ufetubus (D:4)
  2 dart slugs (D:1)
  7 orcs
  7 endoplasms
  4 giant cockroaches
  9 hobgoblins
  4 jackals (D:1)
  4 quokkas
  7 ball pythons
  8 bats
  4 frilled lizards
  5 goblins
  11 kobolds
  9 rats
96 creatures vanquished.

Notes
Turn   | Place    | Note
-------+----------+-------------------------------------------
     0 | D:1      | r3xj the Minotaur Fighter began the quest for the Orb.
     0 | D:1      | Reached XP level 1. HP: 19/19 MP: 0/0
   100 | D:1      | Reached XP level 2. HP: 27/27 MP: 1/1
   182 | D:1      | Reached skill level 3 in Maces & Flails
   413 | D:1      | Reached XP level 3. HP: 33/33 MP: 2/2
   940 | D:2      | Found a faded altar of an unknown god.
  1139 | D:2      | Reached XP level 4. HP: 41/41 MP: 3/3
  1143 | D:2      | Reached skill level 4 in Maces & Flails
  1890 | D:3      | Found a transporter.
  1896 | D:3      | Noticed Adrian566's ghost (weakling OpFi)
  2055 | D:3      | Found a transporter.
  2408 | D:3      | Reached XP level 5. HP: 32/47 MP: 4/4
  2408 | D:3      | Killed Adrian566's ghost
  2710 | D:4      | Reached skill level 5 in Armour
  2713 | D:4      | Reached skill level 5 in Fighting
  2713 | D:4      | Reached skill level 5 in Maces & Flails
  2717 | D:4      | Noticed a phantom
  2727 | D:4      | Killed a phantom
  2728 | D:4      | Reached XP level 6. HP: 30/56 MP: 5/5
  2899 | D:4      | Reached skill level 6 in Maces & Flails
  3070 | D:3      | Mangled by an ogre

Illustrated notes

Levels and vault maps discovered:
D:1:      shiori_arrival_oz, layout_loops_ring, columned_hall_lemuel
D:2:      minmay_wonky_spiral, layout_loops_ring, nicolae_ecumenical_oubliette
D:3:      layout_basic, gammafunk_ghost_arena
D:4:      layout_cave_pools, grunt_ministairs_13

Skill      XL: |  1  2  3  4  5  6 |
---------------+-------------------+-----
Shields        | 4 |  4.0
Fighting       | 4 5 |  5.5
Armour         | 4 5 |  5.5
Maces & Flails | 3 4 5 6 |  6.1

Action                   |  1- 3 |  4- 6 || total
-------------------------+-------+-------++-------
Melee: Flail             |    84 |   105 ||   189
       Headbutt          |    14 |    17 ||    31
Armor: Scale mail        |    35 |    29 ||    64
Dodge: Dodged            |    33 |    66 ||    99
Block: Buckler           |    17 |    23 ||    40

Table legend: (Time is in decaauts)
 A = Elapsed time spent in this place.
 B = Non-inter-level travel time spent in this place.
 C = Inter-level travel time spent in this place.
 D = Time resting spent in this place.
 E = Time spent auto-exploring this place.
 F = Levels seen in this place.
 G = Mean time per level.
                   A        B        C        D        E       F      G
               +--------+--------+--------+--------+--------+-----+--------+
         Total |   3108 |   2899 |    209 |      0 |   2378 |   4 |  777.0 |
       Dungeon |   3108 |   2899 |    209 |      0 |   2378 |   4 |  777.0 |
               +--------+--------+--------+--------+--------+-----+--------+

Top non-repeatable levels by time:
     D:1: 993 daAuts
     D:3: 989 daAuts
     D:2: 758 daAuts
     D:4: 367 daAuts
